 Dungeon Crawl Stone Soup version 0.29.1-12-g30fa7ad0bf (webtiles) character file.

Game seed: 4257627453786933927

5147 trigross the Basher (level 10, -14/77 HPs)
             Began as a Demonspawn Abyssal Knight on Dec 14, 2022.
             Was a High Priest of Lugonu.
             Hit by a large rock thrown by a cyclops (29 damage)
             ... on level 11 of the Dungeon.
             The game lasted 00:32:16 (7844 turns).

trigross the Basher (Demonspawn Abyssal Knight)     Turns: 7844, Time: 00:32:16

Health: -14/77     AC: 15    Str: 16    XL:     10   Next: 33%
Magic:  11/11      EV: 13    Int: 16    God:    Lugonu [*****.]
Gold:   613        SH:  9    Dex: 13    Spells: 9/9 levels left

rFire   . . .      SeeInvis .   m - +11 flail of Deformation {distort, *Corrode rC+++ Stlth+}
rCold   + + +      Faith    .   (no shield)
rNeg    . . .      Spirit   .   e - +0 troll leather armour
rPois   .          Reflect  +   C - +0 helmet
rElec   .          Harm     .   q - +0 cloak
rCorr   +          Rampage  .   B - +0 pair of gloves
Will    .....                   (no boots)
Stlth   ++........              i - amulet of reflection
HPRegen 1.02/turn               t - ring of resist corrosion
MPRegen 0.12/turn               (no ring)

@: mighty
A: icy blue scales 1, foul stench 2, icemail 1, condensation shield, clever 1,
wild magic 1
a: Renounce Religion, Depart the Abyss, Bend Space, Banish, Corrupt, Enter the
Abyss


You were on level 11 of the Dungeon.
You worshipped Lugonu.
Lugonu was extremely pleased with you.
You visited 1 branch of the dungeon, and saw 10 of its levels.
You visited the Abyss 1 time.

You collected 613 gold pieces.

Inventory:

Hand Weapons
 a - a +2 hand axe of freezing
 d - a +2 hand axe of distortion
 j - a +5 flail of freezing
 m - the +11 flail of Deformation (weapon) {distort, *Corrode rC+++ Stlth+}
   (You found it on level 3 of the Dungeon)

   It warps and distorts space around it, and may blink, banish, or inflict
   extra damage upon those it strikes.
   Unwielding it can cause banishment or high damage.
   rC:        It renders you almost immune to cold.
   *Corrode:  It may corrode you when you take damage.
   Stlth:     It makes you more stealthy.
Missiles
 c - 130 stones
 z - 5 throwing nets
Armour
 e - a +0 troll leather armour (worn)
 l - a +1 scale mail
 o - a +0 plate armour
 q - a +0 cloak (worn)
 y - a +3 scale mail of cold resistance
 B - a +0 pair of gloves (worn)
 C - a +0 helmet (worn)
 D - +0 steam dragon scales
Jewellery
 i - an amulet of reflection (around neck)
 n - an amulet of magic regeneration
 t - a ring of resist corrosion (left hand)
 H - an amulet of guardian spirit
Wands
 h - a wand of flame (79)
 s - a wand of mindburst (24)
 w - a wand of iceblast (7)
 E - a wand of light (6)
 F - a wand of charming (4)
Scrolls
 f - 9 scrolls of identify
 g - a scroll of summoning
 v - 2 scrolls of fear
 x - a scroll of silence
 G - 2 scrolls of blinking
Potions
 b - a potion of invisibility
 k - 8 potions of curing
 p - 2 potions of resistance
 u - 3 potions of might
 A - 2 potions of brilliance


   Skills:
 * Level 6.9 Fighting
 * Level 9.4 Maces & Flails
 - Level 2.3 Polearms
 * Level 7.4 Armour
 * Level 4.7 Dodging
 - Level 2.4 Invocations


You had 9 spell levels left.
You didn't know any spells.
Your spell library contained the following spells:

 Spells                   Type           Power      Damage    Failure   Level
 Summon Small Mammal      Summ           0%         N/A       38%         1
 Call Canine Familiar     Summ           0%         N/A       73%         3
 Conjure Flame            Conj/Fire      0%         6-21      73%         3
 Ignite Poison            Fire/Tmut/Pois 0%         N/A       73%         3
 Summon Guardian Golem    Hex/Summ       0%         N/A       73%         3
 Sticky Flame             Conj/Fire      0%         2d3       98%         4


Dungeon Overview and Level Annotations

Branches:
Dungeon (11/15)            Temple (0/1) D:6            Lair (0/5) D:10
    Orc: D:9-12

Altars:
Ashenzari
Cheibriados
Dithmenos
Fedhas
Kikubaaqudgha
Nemelex Xobeh
Uskayaw
Wu Jian

Shops:
D:1 (   D:7 ?(*

Portals:
Ossuary: D:5


Innate Abilities, Weirdness & Mutations

You are partially covered in icy blue scales. (AC +2)
You sometimes emit foul miasma when damaged in melee.
A meltable icy envelope protects you from harm. (AC +4)
A meltable shield of frost defends you. (SH +4)
Your mind is acute. (Int +4, Str/Dex -1)
Your spells are a little harder to cast, but a little more powerful.


Message History

The large rock hits you but does no damage.
A troll comes into view.
The troll shouts!
The troll bites you. The troll barely misses you.
The troll claws you but does no damage.
You hit the troll.
The troll is lightly wounded.
You block the troll's attack. The troll barely misses you.
The troll completely misses you.
You hit the troll.
Space warps around the troll.
The troll is moderately wounded.
The troll bites you but does no damage. The troll closely misses you.
You block the troll's attack.
The cyclops throws a large rock.
The large rock barely misses you.
You closely miss the troll.
The troll is lightly wounded.
The troll bites you. The troll closely misses you. x2
You sock the troll!
The troll is severely wounded.
The troll blinks!
The troll completely misses you. The troll claws you.
You emit a cloud of foul miasma!
The troll claws you!
The cyclops throws a large rock.
The large rock hits you!!!
* * * LOW HITPOINT WARNING * * *
Really read the scroll of poison?
The air fills with toxic fumes!
As you read the scroll of poison, it crumbles to dust.
The troll is engulfed in dark miasma.
The troll is poisoned.
The troll bites you.
* * * LOW HITPOINT WARNING * * *
You block the troll's attack. The troll claws you!
* * * LOW HITPOINT WARNING * * *
Unknown command.
You feel very mighty all of a sudden.
The troll is engulfed in dark miasma.
The troll looks even sicker.
You block the troll's attack. x2; The troll closely misses you.
You bludgeon the troll!!
You kill the troll!
Lugonu accepts your kill.
The cyclops throws a large rock.
The large rock hits you!!
You die...

....<. ...... ......
###### #
############§§############
..§§§§§§§@§§§§§§§........§
..§§§§§C#############..###
..§§§§§.# #..# ..§§§§..#
#..#
..§§§...#############..###
..§§......................
..§.......................
......:...................
.......###################


You could see a cyclops.

Vanquished Creatures
  A two-headed ogre (D:7)
  A gargoyle (D:11)
  2 trolls
  A hornet (D:7)
  A wyvern (D:7)
  A steam dragon (D:8)
  2 ice beasts
  3 orc warriors
  A sky beast (D:7)
  5 black bears
  An ogre (D:4)
  4 centaurs
  2 phantoms
  A kobold brigand (D:10)
  3 bullfrogs (D:10)
  2 gnoll sergeants
  2 necrophages
  2 scorpions
  5 killer bees (D:10)
  2 howler monkeys
  A hound (D:5)
  2 orc priests
  3 iguanas
  8 orc wizards
  4 adders
  7 gnolls
  10 river rats (D:5)
  A shadow imp (D:5)
  2 white imps
  A worm (D:2)
  11 orcs
  7 bats
  7 endoplasms
  3 giant cockroaches (D:1)
  4 hobgoblins
  2 jackals (D:3)
  13 kobolds
  9 quokkas
  3 ball pythons
  3 frilled lizards (D:1)
  2 goblins
  36 rats
181 creatures vanquished.

Vanquished Creatures (others)
  An orc wizard (D:8)
  A kobold (D:3)
  11 fungi (D:10)
  9 plants (D:10)
22 creatures vanquished.

Grand Total: 203 creatures vanquished

Notes
Turn   | Place    | Note
-------+----------+-------------------------------------------
     0 | Abyss:1  | trigross the Demonspawn Abyssal Knight began the quest for
                  | the Orb.
     0 | Abyss:1  | Reached XP level 1. HP: 18/18 MP: 2/2
     3 | Abyss:1  | Found a corrupted altar of Lugonu.
     7 | D:1      | Escaped the Abyss
    43 | D:1      | Found a faded altar of an unknown god.
   351 | D:1      | Gained mutation: You are partially covered in icy blue
                  | scales. (AC +2) [demonic ancestry]
   351 | D:1      | Reached XP level 2. HP: 24/24 MP: 3/3
   406 | D:1      | Found Zuidop's Weapon Boutique.
   452 | D:1      | Reached skill level 1 in Dodging
   590 | D:1      | Gained mutation: A frigid envelope surrounds you and
                  | freezes all who hurt you. [potion of mutation]
   590 | D:1      | Gained mutation: You expend magic power (3 MP) to
                  | strengthen your wands. [potion of mutation]
  1104 | D:2      | Reached XP level 3. HP: 30/30 MP: 4/4
  2191 | D:3      | Gained mutation: A meltable shield of frost defends you.
                  | (SH +4) [demonic ancestry]
  2191 | D:3      | Reached XP level 4. HP: 32/37 MP: 5/5
  2201 | D:3      | Identified the +11 flail of Deformation {distort, *Corrode
                  | rC+++ Stlth+}
  2255 | D:3      | Reached *** piety under Lugonu
  2941 | D:4      | Noticed a phantom
  2945 | D:4      | Killed a phantom
  2946 | D:4      | Reached skill level 1 in Maces & Flails
  2946 | D:4      | Gained mutation: You may rarely emit foul miasma when
                  | damaged in melee. [demonic ancestry]
  2946 | D:4      | Reached XP level 5. HP: 31/43 MP: 6/6
  3123 | D:4      | Noticed an ogre
  3132 | D:4      | Killed an ogre
  3133 | D:4      | Reached XP level 6. HP: 43/50 MP: 7/7
  3339 | D:5      | Entered Level 5 of the Dungeon
  3397 | D:5      | Found a sand-covered staircase.
  3484 | D:5      | Found a shadowy altar of Dithmenos.
  3648 | D:5      | Reached skill level 2 in Maces & Flails
  3664 | D:5      | Reached **** piety under Lugonu
  3676 | D:5      | Reached skill level 5 in Fighting
  3680 | D:5      | Gained mutation: You sometimes emit foul miasma when
                  | damaged in melee. [demonic ancestry]
  3680 | D:5      | Reached XP level 7. HP: 48/56 MP: 8/8
  3828 | D:5      | Reached skill level 3 in Maces & Flails
  4026 | D:6      | Found a snail-covered altar of Cheibriados.
  4026 | D:6      | Found a hide-covered altar of Uskayaw.
  4068 | D:6      | Found a staircase to the Ecumenical Temple.
  4226 | D:6      | Reached skill level 4 in Maces & Flails
  4452 | D:6      | Gained mutation: A meltable icy envelope protects you from
                  | harm. (AC +4) [demonic ancestry]
  4452 | D:6      | Reached XP level 8. HP: 63/63 MP: 9/9
  4500 | D:6      | Found an ancient bone altar of Kikubaaqudgha.
  4608 | D:6      | Reached skill level 5 in Maces & Flails
  4723 | D:7      | Reached skill level 5 in Armour
  4729 | D:7      | Found Quumit's Magic Scroll Emporium.
  4957 | D:7      | Found a broken altar of Ashenzari.
  5051 | D:7      | Found Widoklik's Assorted Antiques.
  5064 | D:7      | Reached skill level 6 in Maces & Flails
  5253 | D:7      | Noticed a hornet
  5261 | D:7      | Killed a hornet
  5278 | D:7      | Noticed a two-headed ogre
  5286 | D:7      | Killed a two-headed ogre
  5287 | D:7      | Reached skill level 7 in Maces & Flails
  5287 | D:7      | Reached XP level 9. HP: 26/69 MP: 10/10
  5518 | D:7      | Found Fauck's Weapon Emporium.
  5752 | D:7      | Found a blossoming altar of Fedhas.
  5753 | D:7      | Found an ornate altar of the Wu Jian Council.
  5982 | D:8      | Found a sparkling altar of Nemelex Xobeh.
  6119 | D:8      | Reached ***** piety under Lugonu
  6120 | D:8      | Reached skill level 8 in Maces & Flails
  6430 | D:8      | You fall into a shaft and drop 2 floors!
  6430 | D:10     | Entered Level 10 of the Dungeon
  6439 | D:10     | Lost mutation: You expend magic power (3 MP) to strengthen
                  | your wands. [potion of mutation]
  6439 | D:10     | Lost mutation: A frigid envelope surrounds you and freezes
                  | all who hurt you. [potion of mutation]
  6439 | D:10     | Gained mutation: You are dopey. (Int -2) [potion of
                  | mutation]
  6439 | D:10     | Gained mutation: You have sharp fingernails. [potion of
                  | mutation]
  6742 | D:10     | Reached XP level 10. HP: 77/77 MP: 11/11
  6846 | D:10     | Reached skill level 9 in Maces & Flails
  7392 | D:10     | Lost mutation: You are dopey. (Int -2) [potion of mutation]
  7392 | D:10     | Lost mutation: You have sharp fingernails. [potion of
                  | mutation]
  7392 | D:10     | Gained mutation: Your mind is acute. (Int +4, Str/Dex -1)
                  | [potion of mutation]
  7392 | D:10     | Gained mutation: Your spells are a little harder to cast,
                  | but a little more powerful. [potion of mutation]
  7573 | D:10     | Found a staircase to the Lair.
  7717 | D:11     | Noticed a gargoyle
  7738 | D:11     | Killed a gargoyle
  7828 | D:11     | Noticed a cyclops
  7844 | D:11     | Hit by a large rock thrown by a cyclops

Illustrated notes

Levels and vault maps discovered:
D:1:      dpeg_arrival_brainrot, layout_loops_ring,
          ebering_ecumenical_altar_sacrificial, serial_shops, shop_statue
D:2:      layout_basic, minmay_box_of_dots
D:3:      layout_basic, minmay_rat_hole
D:4:      layout_basic, zin_scriptorium, kennysheep_generic_room_5
D:5:      lemuel_ratsnest, layout_rooms, grunt_dithmenos_smoke_and_mirrors,
          enter_ossuary_2, minmay_misc_feat_nine_boxes,
          kennysheep_generic_room_9
D:6:      layout_basic, general_overflow_altar,
          chequers_temple_overflow_statue_of_worship, kennysheep_mini_moat,
          minmay_temple_entry_antechambers
D:7:      layout_basic, gammafunk_temple_overflow_pools,
          cheibrodos_ashenzari_chains, serial_shops, shop, shop, shop,
          hangedman_abyss_or_decor_slice, st_stairs_11, minivault_4
D:8:      layout_basic, nemelex_xobeh_ov_fountains_minmay, uniq_erica
D:10:     layout_loops_ring, grunt_lair_entry_orc_guard_hut,
          corexii_hall_statues_t
D:11:     layout_long_grid

Skill      XL: |  1  2  3  4  5  6  7  8  9 10 |
---------------+-------------------------------+-----
Dodging        | 1 2 3 4 |  4.7
Polearms       | 2 |  2.3
Armour         | 2 3 4 6 7 |  7.4
Fighting       | 4 5 6 |  6.9
Maces & Flails | 1 2 4 7 8 9 |  9.4
Invocations    | |  2.4

Action                   |  1- 3 |  4- 6 |  7- 9 | 10-12 || total
-------------------------+-------+-------+-------+-------++-------
Melee: Spear             |    74 |     1 |       |       ||    75
       Punch             |     1 |     1 |     4 |       ||     6
       Flail             |       |    53 |   131 |    39 ||   223
Invok: Banish            |       |       |       |     3 ||     3
       Bend Space        |       |       |       |     1 ||     1
  Use: Potion            |     2 |     2 |     6 |     2 ||    12
       Scroll            |     7 |     2 |     5 |     3 ||    17
Armor: Leather armour    |    25 |       |       |       ||    25
       Scale mail        |    10 |       |    30 |    24 ||    64
       Plate armour      |       |    25 |    28 |       ||    53
       Troll leather arm |       |       |       |     6 ||     6
Dodge: Dodged            |    52 |     5 |    45 |    34 ||   136
Block: Other             |     2 |    32 |    68 |    40 ||   142
       Reflection        |       |     2 |    12 |     2 ||    16
